 Dungeon Crawl Stone Soup version 0.31-a0-182-gc5ef74bbde (webtiles) character file.

Game seed: 10937931131969069659

238 qw the Chopper (level 6, -1/38 HPs)
             Began as a Gargoyle Fighter on June 21, 2023.
             Slain by an orc wizard
             ... wielding a +0 dagger
              (4 damage)
             ... on level 4 of the Dungeon.
             The game lasted 00:01:36 (2902 turns).

qw the Chopper (Gargoyle Fighter)                   Turns: 2902, Time: 00:01:37

Health: -1/38      AC: 17    Str: 21    XL:     6   Next: 7%
Magic:  6/6        EV:  5    Int:  9    God:
Gold:   166        SH:  0    Dex:  9    Spells: 5/5 levels left

rFire   . . .        Y - +0 war axe
rCold   . . .        c - +0 buckler
rNeg    + . .        m - +0 plate armour
rPois   inf          g - +0 helmet
rElec   +            (no cloak)
rCorr   .            (no gloves)
SInv    .            (no boots)
Will    .....        (no amulet) Stlth
                     (no ring)
HPRegen 0.26/turn    (no ring)
MPRegen 0.10/turn

%: no passive effects
@: confused
A: sickness immunity, AC +4, negative energy resistance 1, electricity
resistance, torment resistance 1, petrification resistance
a: no special abilities


You were on level 4 of the Dungeon.
You visited 1 branch of the dungeon, and saw 4 of its levels.

You collected 208 gold pieces.
You spent 42 gold pieces at shops.


Innate Abilities, Weirdness & Mutations

You are immune to sickness and miasma.
Your stone body is resilient. (AC +4)
You are immune to poison.
You resist negative energy. (rN+)
You are resistant to electric shocks. (rElec)
You are resistant to unholy torment.
You are immune to petrification.


   Skills:
 - Level 4.3 Fighting
 + Level 5.1 Axes
 - Level 3.2 Armour
 - Level 3.2 Shields


You had 5 spell levels left.
You didn't know any spells.
Your spell library was empty.

Inventory:

Hand Weapons
 a - a +0 morningstar
 Y - a +0 war axe (weapon)
Armour
 c - a +0 buckler (worn)
 g - a +0 helmet (worn)
 m - a +0 plate armour (worn)
Scrolls
 h - 2 scrolls of identify
Potions
 b - 2 potions of attraction
 d - a potion of might
 f - a potion of enlightenment
 j - a potion of ambrosia {unknown}
 k - 2 potions of lignification
 n - a potion of brilliance {unknown}
 o - a potion of magic {unknown}

Dungeon Overview and Level Annotations

Branches:
Dungeon (4/15)
 Temple: D:4-7

Altars:
Gozag
Wu Jian
The Shining One

Shops:
D:1 *   D:4 (

Annotations:
D:4 exclusion: ufetubus, Edmund, Grinder


Message History

You barely miss Grinder.
Grinder is severely wounded.
You barely miss something. Something hits you but does no damage.
You block Grinder's attack.
You hit Grinder.
Grinder is severely wounded.
You hit something but do no damage. Something hits you.
Grinder gestures at you. Pain shoots through your body!
Grinder hits you but does no damage. Something hits you.
You closely miss Grinder.
Grinder is severely wounded.
You closely miss something. Something hits you but does no damage.
Grinder says, "Mostly I couldn't keep them alive."
Grinder blinks!
You barely miss Grinder.
Grinder is severely wounded.
The hound barks!
You slash something! Something hits you but does no damage.
Grinder gestures at you. Pain shoots through your body!
You slash Grinder!
Grinder is almost dead.
You barely miss something.
You hear some strange, mumbled words.
You are confused.
Grinder gestures at you. You resist with significant effort.
Something hits you.
Grinder says, "DUCK!"
Grinder hits you. Something hits you but does no damage.
Grinder hits you but does no damage. The hound bites you but does no damage.
Something hits you but does no damage. The hound bites you but does no damage.
Grinder hits you but does no damage. The hound bites you but does no damage.
Something hits you. Grinder hits you but does no damage.
The hound bites you but does no damage. Something hits you.
You die...

#.#......#
#.#.......
#.#.......
#.#.......
#########.#......#
.....(...'.......
##....%#.#......#
#.....#.########
#.5@{.#.# .
##..h..#'##....
#......))).....#
#..............#
#..............#
#.##...>.[.....#
#. #...........#
##+###+## #.
#............
..^....K####
#............


You could see Grinder and a hound.

Vanquished Creatures
  Blork the orc (D:4)
  A hound (D:4)
  Jessica (D:2)
  Robin (D:2)
  3 adders
  A worm (D:2)
  A dart slug (D:2)
  4 orcs
  8 ball pythons
  An endoplasm (D:2)
  5 giant cockroaches
  13 goblins
  6 hobgoblins
  3 jackals (D:2)
  4 quokkas (D:3)
  10 bats
  4 frilled lizards
  6 kobolds
  5 rats
78 creatures vanquished.

Notes
Turn   | Place    | Note
-------+----------+-------------------------------------------
     0 | D:1      | qw the Gargoyle Fighter began the quest for the Orb.
     0 | D:1      | Reached XP level 1. HP: 14/14 MP: 1/1
     0 | D:1      | 0 ||| qw: Version: 0.3-a-9-g12657ce
     0 | D:1      | 0 ||| qw: Game counter: 1617
     0 | D:1      | 0 ||| qw: Always use a shield: true
     0 | D:1      | 0 ||| qw: God list: Okawaru
     0 | D:1      | 0 ||| qw: Allow faded altars: false
     0 | D:1      | 0 ||| qw: Do Orc after D:15 true
     0 | D:1      | 0 ||| qw: Do second Lair branch before Depths: true
     0 | D:1      | 0 ||| qw: Lair rune preference: random
     0 | D:1      | 0 ||| qw: Plans: Normal, Zot:1-4, Slime:5, God:TSO, Crypt,
                  | Tomb, Abyss, Pan, Hells, Win
     0 | D:1      | 0 ||| PLANNING D:1-11
    37 | D:1      | Reached skill level 2 in Axes
   124 | D:1      | Reached XP level 2. HP: 19/19 MP: 2/2
   295 | D:1      | 295 ||| Stepping ~*~*~tactically~*~*~ (stealth).
   298 | D:1      | 298 ||| Stepping ~*~*~tactically~*~*~ (stealth).
   421 | D:1      | Found Danazaz's General Store.
   425 | D:1      | 425 ||| SHOPLISTING +2 cloak (231 gold, have 64).
   425 | D:1      | 425 ||| BUYING scroll of teleportation (42 gold).
   425 | D:1      | Bought a scroll of teleportation for 42 gold pieces
   491 | D:1      | 491 ||| Stepping ~*~*~tactically~*~*~ (hiding).
   495 | D:1      | 495 ||| Stepping ~*~*~tactically~*~*~ (hiding).
   503 | D:1      | Reached skill level 3 in Axes
   699 | D:1      | Reached XP level 3. HP: 23/23 MP: 3/3
   829 | D:1      | 829 ||| UPGRADING to +0 chain mail.
   839 | D:1      | 839 ||| DROPPING +0 scale mail.
   840 | D:1      | 840 ||| READING scroll labelled BAISAZ KUME.
   841 | D:1      | 841 ||| READING 2 scrolls labelled XIVAET JOPI.
   856 | D:2      | 856 ||| Stepping ~*~*~tactically~*~*~ (stealth).
   898 | D:2      | 898 ||| DROPPING +0 flail.
   900 | D:2      | Noticed Jessica
   906 | D:2      | Killed Jessica
   907 | D:2      | Reached XP level 4. HP: 20/28 MP: 4/4
  1088 | D:2      | Reached skill level 4 in Axes
  1181 | D:2      | 1181 ||| Stepping ~*~*~tactically~*~*~ (stealth).
  1185 | D:2      | Noticed Robin
  1208 | D:2      | Killed Robin
  1468 | D:2      | Reached XP level 5. HP: 32/32 MP: 5/5
  1564 | D:2      | 1564 ||| UPGRADING to +0 helmet.
  1569 | D:2      | 1569 ||| DRINKING 2 ruby potions.
  1589 | D:2      | 1589 ||| READING 2 scrolls of identify.
  1589 | D:2      | 1589 ||| IDENTIFYING coppery potion
  1722 | D:3      | Found a glowing golden altar of the Shining One.
  2009 | D:3      | Found an opulent altar of Gozag.
  2083 | D:3      | 2083 ||| Stepping ~*~*~tactically~*~*~ (stealth).
  2533 | D:3      | Found an ornate altar of the Wu Jian Council.
  2539 | D:3      | 2539 ||| UPGRADING to +0 plate armour.
  2549 | D:3      | 2549 ||| DROPPING +0 chain mail.
  2550 | D:3      | 2550 ||| DRINKING 2 silvery potions.
  2618 | D:4      | 2618 ||| Stepping ~*~*~tactically~*~*~ (stealth).
  2724 | D:4      | 2724 ||| Stepping ~*~*~tactically~*~*~ (stealth).
  2727 | D:4      | Noticed Edmund
  2734 | D:4      | Reached skill level 5 in Axes
  2743 | D:4      | HP: 5/32 [Edmund/+0 flail of protection (8)]
  2744 | D:4      | 2744 ||| READING 3 scrolls of teleportation.
  2748 | D:4      | 2748 ||| READING 2 scrolls of teleportation.
  2752 | D:4      | Found Conoth's Antique Weapon Shoppe.
  2753 | D:4      | 2753 ||| READING scroll of teleportation.
  2754 | D:4      | 2754 ||| READING 3 scrolls of identify.
  2754 | D:4      | 2754 ||| IDENTIFYING sedimented white potion
  2789 | D:4      | 2789 ||| Stepping ~*~*~tactically~*~*~ (stealth).
  2864 | D:4      | Noticed Grinder
  2864 | D:4      | Noticed Blork the orc
  2875 | D:4      | Killed Blork the orc
  2876 | D:4      | Reached XP level 6. HP: 32/38 MP: 6/6
  2877 | D:4      | 2877 ||| DRINKING potion of curing.
  2877 | D:4      | 2877 ||| (to cure confusion)
  2894 | D:4      | HP: 8/38 [something (4)]
  2898 | D:4      | HP: 3/38 [Grinder (3)]
  2902 | D:4      | Slain by an orc wizard

Levels and vault maps discovered:
D:1:      erik_arrival_blinker_ship, layout_basic, serial_shops,
          nicolae_shop_back_alley_shop, st_stairs_2
D:2:      layout_basic, uniq_jessica, uniq_robin
D:3:      layout_basic, mainiacjoe_overflow_concentric_impassable,
          pdpol_wu_jian_five_deadly_venoms, grunt_gozag_breadcrumbs,
          kennysheep_generic_room_6
D:4:      layout_basic, nicolae_overflow_hidden_temple, zin_angel, serial_shops,
          nicolae_shop_waterfront, uniq_crazy_yiuf_cottage, uniq_edmund,
          uniq_grinder, uniq_blork_the_orc

Skill      XL: |  1  2  3  4  5 |
---------------+----------------+-----
Axes           | 2 3 4 5 |  5.1
Fighting       | 4 |  4.3
Armour         | |  3.2
Shields        | |  3.2

Action                     |  1- 3 |  4- 6 || total
---------------------------+-------+-------++-------
  Melee: War axe           |   109 |   176 ||   285
    Use: Scroll            |     2 |     5 ||     7
         Potion            |       |     3 ||     3
 Armour: Scale mail        |    59 |       ||    59
         Chain mail        |    27 |    72 ||    99
         Plate armour      |       |    67 ||    67
  Dodge: Dodged            |    60 |    62 ||   122
  Block: Buckler           |    25 |    35 ||    60

Table legend:
 A = Non-vault XP
 B = Vault XP
 C = Vault XP percentage of total XP
 D = Non-vault monster count
 E = Vault monster count
 F = Vault count percentage of total count
                 A         B        C        D         E       F
            +---------+---------+-------+---------+---------+-------
      Total |     176 |     165 |  48.4 |      59 |      19 |  24.4
            +---------+---------+-------+---------+---------+-------
        D:1 |      33 |       3 |   8.3 |      23 |       2 |   8.0
        D:2 |      58 |      71 |  55.0 |      18 |      12 |  40.0
        D:3 |      27 |       6 |  18.2 |       9 |       4 |  30.8
        D:4 |      58 |      85 |  59.4 |       9 |       1 |  10.0
            +---------+---------+-------+---------+---------+-------
